 Dungeon Crawl Stone Soup version 0.31-a0-803-g95b03c3367 (webtiles) character file.

Game seed: 11826473945268938667

997 Dirtsage the Cleaver (level 7, -2/52 HPs)
             Began as a Demonspawn Fighter on Sept 20, 2023.
             Was a Priest of Uskayaw.
             Slain by kae's ghost (16 damage)
             ... on level 5 of the Dungeon.
             The game lasted 00:08:26 (3450 turns).

Dirtsage the Cleaver (Demonspawn Fighter)           Turns: 3450, Time: 00:08:27

Health: -2/52      AC:  7    Str: 18    XL:     7   Next: 99%
Magic:  6/10       EV: 14    Int:  9    God:    Uskayaw [***...]
Gold:   212        SH:  4    Dex: 13    Spells: 6/6 levels left

rFire   . . .        u - +2 hand axe (elec)
rCold   . . .        c - +0 buckler
rNeg    . . .        b - +0 scale mail
rPois   .            (helmet restricted)
rElec   .            (no cloak)
rCorr   .            f - +0 pair of gloves
SInv    .            (no boots)
Will    .....        j - amulet of faith Stlth
                     v - +5 ring of evasion
HPRegen 0.28/turn    (no ring)
MPRegen 0.12/turn

%: faith
@: mighty
A: antennae 2, foul stench 1, powered by pain 1
a: Renounce Religion, Stomp, Line Pass


You were on level 5 of the Dungeon.
You worshipped Uskayaw.
Uskayaw was noncommittal.
You visited 2 branches of the dungeon, and saw 6 of its levels.

You collected 212 gold pieces.

Inventory:

Hand Weapons
 a - a +0 war axe
 u - a +2 hand axe of electrocution (weapon)
 C - a +0 broad axe
Armour
 b - a +0 scale mail (worn)
 c - a +0 buckler (worn)
 f - a +0 pair of gloves (worn)
Magical Staves
 m - a staff of cold
Jewellery
 j - an amulet of faith (around neck)
 r - a ring of fire
 v - a +5 ring of evasion (left hand)
 y - a ring of ice
Wands
 s - a wand of paralysis (9)
 B - a wand of polymorph (6)
 D - a wand of acid (8)
Scrolls
 g - 4 scrolls of identify {unknown}
 k - a scroll of amnesia {unknown}
 l - a scroll of torment {unknown}
 n - a scroll of enchant armour {unknown}
 p - a scroll of teleportation {unknown}
 w - 3 scrolls of fear {unknown}
 x - a scroll of brand weapon {unknown}
 E - a scroll of revelation {unknown}
Potions
 d - a potion of might
 e - 2 potions of magic {unknown}
 h - a potion of ambrosia {unknown}
 i - a potion of enlightenment {unknown}
 o - a potion of attraction {unknown}
 q - a potion of lignification {unknown}
 t - a potion of haste {unknown}
 z - 2 potions of brilliance {unknown}
 A - a potion of degeneration {unknown}


   Skills:
 - Level 3.0 Fighting
 * Level 8.1 Axes
 - Level 2.6 Armour
 - Level 2.6 Shields
 + Level 4.1 Invocations


You had 6 spell levels left.
You didn't know any spells.
Your spell library contained the following spells:

 Spells                   Type           Power      Damage    Failure   Level
 Scorch                   Fire           0%         2d5       94%         2
 Tukima's Dance           Hex            0%         N/A       99%         3
 Dimensional Bullseye     Hex/Tloc       0%         N/A       100%        4
 Flame Wave               Conj/Fire      0%         2d4       100%        4
 Iskenderun's Mystic Bla  Conj/Tloc      0%         2d3       100%        4
 Summon Cactus Giant      Summ           0%         N/A       100%        6


Dungeon Overview and Level Annotations

Branches:
Dungeon (5/15)             Temple (1/1) D:5

Altars:
Ashenzari
Cheibriados
Dithmenos
Fedhas
Gozag
Hepliaklqana
Kikubaaqudgha
Makhleb
Nemelex Xobeh
Okawaru
Ru
Sif Muna
Trog
Uskayaw
Vehumet
Wu Jian
Xom
Yredelemnul

Annotations:
D:5 kae's ghost, novice HOFi


Innate Abilities, Weirdness & Mutations

You have a pair of antennae on your head.
You may rarely emit foul miasma when damaged in melee.
You sometimes gain a little power by taking damage.


Message History

You hit kae's ghost but do no damage.
Kae's ghost is lightly damaged.
Kae's ghost hits you!
You take 12 damage, and have 40/52 hp.
MASSIVE DAMAGE!!
Aiming: Line Pass
Press: ? - help, Dir - move target Kae's ghost appears confused.
You can no longer pass through a line of other dancers.
Kae's ghost misses you.
You now have 6/10 mp.
You hit kae's ghost.
Kae's ghost is lightly damaged.
Kae's ghost hits you!
You emit a cloud of foul miasma!
Kae's ghost hits itself but does no damage.
You can now pass through a line of other dancers.
You take 11 damage, and have 30/52 hp.
MASSIVE DAMAGE!!
You catch the helpless kae's ghost completely off-guard!
You slash kae's ghost!
Kae's ghost is moderately damaged.
Kae's ghost seems less confused.
You hit kae's ghost but do no damage.
Kae's ghost is moderately damaged.
Kae's ghost hits you!
* * * LOW HITPOINT WARNING * * *
You focus on the pain.
You feel very mighty all of a sudden.
You take 17 damage, and have 13/52 hp.
MASSIVE DAMAGE!!
Okay, then.
You hit kae's ghost.
Kae's ghost is moderately damaged.
You slash kae's ghost! Lightning courses through kae's ghost!
Kae's ghost is severely damaged.
Kae's ghost closely misses you.
Uskayaw will force your foes to helplessly watch your dance.
Uskayaw prepares the audience for your solo!
The helpless kae's ghost fails to defend itself.
You slash kae's ghost!
Kae's ghost is almost destroyed.
Kae's ghost is no longer paralysed.
Kae's ghost hits you!
You die...

. #. ##### #.. #...# #..
#...# #..###...#
#...#†######## #..W@~~~~:~#
###.################ #.....#
#........#
#...#.###........#
#...#..##........#
################.##...!....#
#...#........# #..#........#
#...#........# ##..........#
#...#........# ###........#


You could see kae's ghost.

Vanquished Creatures
  Duvessa (D:5)
  2 black bears (D:5)
  A bullfrog (D:5)
  4 scorpions
  Dowan (D:5)
  A howler monkey (D:5)
  A hound (D:5)
  2 orc priests (D:4)
  An iguana (D:4)
  Ijyb (D:5)
  12 adders
  3 dart slugs
  5 orcs
  4 endoplasms
  2 giant cockroaches
  6 hobgoblins
  3 kobolds
  3 quokkas
  10 ball pythons
  5 bats
  3 frilled lizards
  4 goblins
  5 rats
80 creatures vanquished.

Vanquished Creatures (others)
  A rat (D:3)
1 creature vanquished.

Grand Total: 81 creatures vanquished

Notes
Turn   | Place    | Note
-------+----------+-------------------------------------------
     0 | D:1      | Dirtsage the Demonspawn Fighter began the quest for the
                  | Orb.
     0 | D:1      | Reached XP level 1. HP: 18/18 MP: 1/1
    99 | D:1      | Reached skill level 2 in Axes
   204 | D:1      | Found a faded altar of an unknown god.
   491 | D:1      | Gained mutation: You sometimes gain a little power by
                  | taking damage. [demonic ancestry]
   491 | D:1      | Reached XP level 2. HP: 24/24 MP: 2/2
   878 | D:2      | Reached skill level 3 in Axes
   904 | D:2      | Reached XP level 3. HP: 29/29 MP: 3/3
  1324 | D:3      | Noticed a scorpion
  1330 | D:3      | Killed a scorpion
  1331 | D:3      | Reached skill level 4 in Axes
  1331 | D:3      | Gained mutation: You may rarely emit foul miasma when
                  | damaged in melee. [demonic ancestry]
  1331 | D:3      | Reached XP level 4. HP: 32/35 MP: 4/4
  1456 | D:3      | Gained mutation: You have a pair of small antennae on your
                  | head. [demonic ancestry]
  1456 | D:3      | Reached XP level 5. HP: 41/41 MP: 5/5
  2006 | D:4      | Reached skill level 5 in Axes
  2578 | D:4      | Reached XP level 6. HP: 44/47 MP: 6/6
  2800 | D:5      | Entered Level 5 of the Dungeon
  2830 | D:5      | Reached skill level 6 in Axes
  2965 | D:5      | Found a staircase to the Ecumenical Temple.
  2974 | Temple   | Entered the Ecumenical Temple
  2995 | Temple   | Became a worshipper of Uskayaw the Reveller
  3041 | D:5      | Noticed Ijyb
  3045 | D:5      | Reached * piety under Uskayaw
  3047 | D:5      | Reached skill level 7 in Axes
  3047 | D:5      | Reached skill level 1 in Invocations
  3047 | D:5      | Gained mutation: You have a pair of antennae on your head.
                  | [demonic ancestry]
  3047 | D:5      | Reached XP level 7. HP: 38/52 MP: 6/8
  3050 | D:5      | Reached ** piety under Uskayaw
  3053 | D:5      | Reached *** piety under Uskayaw
  3054 | D:5      | Reached **** piety under Uskayaw
  3057 | D:5      | Killed Ijyb
  3128 | D:5      | Noticed Duvessa
  3128 | D:5      | Noticed Dowan
  3134 | D:5      | Killed Duvessa
  3136 | D:5      | Killed Dowan
  3208 | D:5      | Reached skill level 8 in Axes
  3421 | D:5      | Found a runed translucent door.
  3431 | D:5      | Noticed kae's ghost (novice HOFi)
  3450 | D:5      | Slain by kae's ghost

Illustrated notes

Levels and vault maps discovered:
D:1:      wander_arrival_chamber, layout_loops_ring,
          chequers_ecumenical_altar_simple_redux, chequers_big_river,
          hangedman_decor_points
D:2:      layout_rooms, chequers_serial_rivers_small_a
D:3:      layout_basic, hangedman_abyss_or_decor_stabs
D:4:      layout_gridville
D:5:      layout_basic, minmay_temple_entry_waves, ebering_ghost_sewer_d,
          enter_ossuary_3, uniq_eustachio, uniq_duvessa, uniq_ijyb
Temple:   mainiacjoe_temple_circle_huts

Skill      XL: |  1  2  3  4  5  6  7 |
---------------+----------------------+-----
Axes           | 2 3 4 5 7 8 |  8.1
Invocations    | 1 4 |  4.1
Fighting       | |  3.0
Armour         | |  2.6
Shields        | |  2.6

Action                     |  1- 3 |  4- 6 |  7- 9 || total
---------------------------+-------+-------+-------++-------
  Melee: War axe           |   101 |    42 |       ||   143
         Hand axe          |       |    44 |    66 ||   110
 Invoke: Line Pass         |       |       |     1 ||     1
   Stab: Paralysed         |       |       |     5 ||     5
         Confused          |       |       |     1 ||     1
 Armour: Scale mail        |    61 |    53 |    23 ||   137
  Dodge: Dodged            |    45 |    49 |    36 ||   130
  Block: Buckler           |    22 |    21 |     9 ||    52

Table legend: (Time is in decaauts)
 A = Elapsed time spent in this place.
 B = Non-inter-level travel time spent in this place.
 C = Inter-level travel time spent in this place.
 D = Time resting spent in this place.
 E = Time spent auto-exploring this place.
 F = Levels seen in this place.
 G = Mean time per level.
                   A        B        C        D        E       F      G
               +--------+--------+--------+--------+--------+-----+--------+
         Total |   3509 |   3199 |    310 |      0 |   2543 |   6 |  584.8 |
       Dungeon |   3466 |   3196 |    270 |      0 |   2543 |   5 |  693.2 |
        Temple |     42 |      2 |     40 |      0 |      0 |   1 |   42.0 |
               +--------+--------+--------+--------+--------+-----+--------+

Top non-repeatable levels by time:
     D:4: 821 daAuts
     D:1: 817 daAuts
     D:3: 701 daAuts
     D:5: 605 daAuts
     D:2: 520 daAuts
  Temple: 42 daAuts
